AoeStats
← vululsss

Arena

510269716Analyzed
1v1 RM · 1d ago on Sep 30, 2026· 20m 32s· 2 players
Game mode
Random Map
Map size
Tiny (2 player)
Population
200
Speed
Normal
Resources
Standard
Victory
Conquest
Starting age
Dark Age
Ending age
Imperial Age
RankedLock teamsTeams togetherTeam positionsShared explorationLock speedFull tech treeHidden civsTurbo modeCheats
Victory
Defeat
🇪🇸 Bohemians · Spain
1076
+16
🇹🇼 Magyars · Taiwan
1076
-16
Iberbulk
7:31 Loom
9:52 Feudal Age
10:40 Double-Bit Axe
17:49 Castle Age
20:28 Horse Collar
vululsss
11:00 Feudal Age
14:47 Castle Age
12:58 Double-Bit Axe
12:56 Horse Collar
13:48 Loom
14:39 Stone Mining
16:55 Bow Saw
Connection lost

Rejoining the realm…

Still unreachable

The connection could not be restored.

Session expired

The server has moved on; the page needs a fresh start.